 Dungeon Crawl Stone Soup version 0.30.0-30-g96aa6591b8 (webtiles) character file.

Game seed: 2365567650065896983

16 monsoonserge the Vexing (level 2, -10/15 HPs)
             Began as a Deep Elf Enchanter on July 1, 2023.
             Mangled by a goblin
             ... wielding a +2 dagger of electrocution
              (17 damage)
             ... on level 1 of the Dungeon.
             The game lasted 00:01:48 (272 turns).

monsoonserge the Vexing (Deep Elf Enchanter)         Turns: 272, Time: 00:01:49

Health: -10/15     AC:  2    Str:  5    XL:     2   Next: 41%
Magic:  0/8        EV: 13    Int: 19    God:
Gold:   0          SH:  0    Dex: 15    Spells: 5/7 levels left

rFire   . . .        a - +1 dagger
rCold   . . .        (no shield)
rNeg    . . .        b - +0 robe
rPois   .            (no helmet)
rElec   .            (no cloak)
rCorr   .            (no gloves)
SInv    .            (no boots)
Will    .....        (no amulet)
Stlth   +++          (no ring)
HPRegen 0.22/turn    (no ring)
MPRegen 0.11/turn

%: no passive effects
@: no status effects
A: no striking features
a: no special abilities


You were on level 1 of the Dungeon.
You visited 1 branch of the dungeon, and saw 1 of its levels.

Inventory:

Hand Weapons
 a - a +1 dagger (weapon)
Missiles
 f - 3 curare-tipped darts (quivered)
Armour
 b - a +0 robe (worn)
Scrolls
 e - a scroll of identify {unknown}
 g - a scroll of enchant weapon {unknown}
Potions
 c - 2 potions of invisibility
 d - a potion of curing {unknown}


   Skills:
 + Level 1.2 Short Blades
 + Level 2.7 Dodging
 - Level 4.0 Stealth
 - Level 3.0 Spellcasting
 + Level 4.4 Hexes
 * Level 0.1 Ice Magic


You had 5 spell levels left.
You knew the following spells:

 Your Spells              Type           Power      Damage    Failure   Level
a - Ensorcelled Hibernat  Hex/Ice        22%        N/A       9%          2

Your spell library contained the following spells:

 Spells                   Type           Power      Damage    Failure   Level
 Confusing Touch          Hex            19%        N/A       8%          3
 Tukima's Dance           Hex            19%        N/A       8%          3
 Dazzling Flash           Conj/Hex       22%        N/A       19%         3


Dungeon Overview and Level Annotations

Branches:
Dungeon (1/15)

Altars:


Message History

You are frozen.
Casting: Ensorcelled Hibernation (safe; 9% risk of failure)
Confirm with . or Enter, or press ? or * to list all spells.
Aiming: Ensorcelled Hibernation (safe; 9% risk of failure)
Press: ? - help, Shift-Dir - straight line, f/p - giant cockroach
Aim: a giant cockroach (chance to affect: 62%)
The giant cockroach resists with significant effort.
The giant cockroach misses you. The endoplasm closely misses you.
Unknown command.
Casting: Ensorcelled Hibernation (safe; 9% risk of failure)
Confirm with . or Enter, or press ? or * to list all spells.
Aiming: Ensorcelled Hibernation (safe; 9% risk of failure)
Press: ? - help, Shift-Dir - straight line, f/p - giant cockroach
Aim: a giant cockroach (chance to affect: 62%)
The giant cockroach resists with significant effort.
The giant cockroach bites you but does no damage.
The endoplasm hits you. The giant cockroach barely misses you.
Unknown command.
You hit the endoplasm.
The endoplasm is heavily wounded.
The giant cockroach barely misses you.
The endoplasm hits you but does no damage.
You hit the endoplasm.
The endoplasm is almost dead.
The giant cockroach bites you but does no damage.
The endoplasm closely misses you.
You barely miss the endoplasm.
The endoplasm is almost dead.
The giant cockroach closely misses you.
The endoplasm hits you but does no damage.
You hit the endoplasm.
You kill the endoplasm!
The giant cockroach closely misses you.
Your magical contamination has completely faded away.
You hit the goblin but do no damage. Your punch misses the goblin.
The giant cockroach barely misses you.
The goblin hits you with a +2 dagger of electrocution.
You are electrocuted!
Ouch! That really hurt!
You die...

# #.# ####g....... # #.# .. #
#........... # #.### ..#
#.....g..... #
#...###.#####...........
######..........##.........#
##...#.#........+.........###
.'.<.'.#........##..........?
.#...###.........#g........#
.##### #........@#........$..
.### #........Bg.g.........
...# #.....................
...# #.......[##.###.......
...# #........##..# ####...
...# #.....†..###..# ..# ...#
#........$..#... .# ...#
###########.###.. ...#######
# #..


You could see a giant cockroach, a hobgoblin and a goblin.

Vanquished Creatures
  A dart slug (D:1)
  3 bats (D:1)
  An endoplasm (D:1)
  3 goblins (D:1)
  3 jackals (D:1)
  A ball python (D:1)
  A rat (D:1)
13 creatures vanquished.

Notes
Turn   | Place    | Note
-------+----------+-------------------------------------------
     0 | D:1      | monsoonserge the Deep Elf Enchanter began the quest for the
                  | Orb.
     0 | D:1      | Reached XP level 1. HP: 10/10 MP: 6/6
    86 | D:1      | Reached XP level 2. HP: 15/15 MP: 8/8
    89 | D:1      | Learned a level 2 spell: Ensorcelled Hibernation
   272 | D:1      | Mangled by a goblin

Illustrated notes

Levels and vault maps discovered:
D:1:      dpeg_arrival_tiny_h, layout_basic

Skill      XL: |  1 |
---------------+----+-----
Stealth        | 4 |  4.0
Short Blades   | |  1.2
Dodging        | |  2.7
Spellcasting   | |  3.0
Hexes          | |  4.4
Ice Magic      | |  0.1

Action                     || total
---------------------------++-------
  Melee: Dagger            ||    56
   Cast: Ensorcelled Hiber ||     3
   Stab: Sleeping          ||     2
 Armour: Robe              ||    15
  Dodge: Dodged            ||    40
